 Dungeon Sprint DCSS version 0.20-a0-345-gbfb25ec (webtiles) character file.

1222 Deathtrap2010 the Cleaver (level 8, -3/129 HPs)
             Began as a Minotaur Chaos Knight on Dec 22, 2016.
             Slain by a demonic crawler (8 damage)
             ... in the Dungeon (Sprint I: "Red Sonja").
             The game lasted 00:05:18 (472 turns).

Deathtrap2010 the Cleaver (Minotaur Chaos Knight)    Turns: 472, Time: 00:05:18

Health: -3/129     AC:  8    Str: 24    XL:     8   Next: 23%
Magic:  7/7        EV: 13    Int: 14    God:    Xom [..*...]
Gold:   301        SH:  0    Dex: 10    Spells: 7/7 levels left

rFire  . . .     SeeInvis .     a - +0 hand axe (chaos)
rCold  . . .     Gourm    .     k - +0 ring mail
rNeg   . . .     Faith    .     (no shield)
rPois  .         Spirit   .     (helmet restricted)
rElec  .         Reflect  .     (no cloak)
rCorr  .         Harm     .     (no gloves)
MR     .....     NoTele   +     (no boots)
Stlth  ..........               (no amulet)
                                (no ring)
                                (no ring)

@: brilliant, berserking, very quick
A: retaliatory headbutt, horns 2, iridescent scales 1
a: Renounce Religion


You were in the Dungeon.
You worshipped Xom.
You were a toy of Xom.
You were not hungry.

You visited 1 branch You collected 405 gold pieces.
You spent 104 gold pieces at shops.

Inventory:

Hand Weapons
 a - a +0 hand axe of chaos (weapon)
Armour
 b - a +2 leather armour
 k - a +0 ring mail (worn)
Scrolls
 i - a scroll of blinking
Potions
 d - a potion of curing
 f - a potion of haste
 g - 2 potions of magic
Comestibles
 c - a bread ration
 l - a meat ration


   Skills:
 + Level 13.4 Fighting
 + Level 13.9 Axes
 + Level 7.1 Armour
 + Level 5.0 Dodging
 + Level 3.2 Stealth


You had 7 spell levels left.
You didn't know any spells.

Dungeon Overview and Level Annotations

Branches:
Dungeon (1/1)

Altars:
Cheibriados
Dithmenos
Elyvilon
Fedhas
Gozag
Hepliaklqana
Kikubaaqudgha
Makhleb
Nemelex Xobeh
Okawaru
Qazlal
Ru
Sif Muna
Trog
Uskayaw
Vehumet
Xom
Yredelemnul
Zin
The Shining One
Jiyva
Lugonu

Shops:
D [


Innate Abilities, Weirdness & Mutations

You reflexively headbutt those who attack you in melee.
You have a pair of horns on your head.
You are partially covered in iridescent scales. (AC +2)


Message History

* * * LOW HITPOINT WARNING * * *
The demonic crawler closely misses you. The demonic crawler hits you.
* * * LOW HITPOINT WARNING * * *
A red film seems to cover your vision as you go berserk!
You feel yourself moving faster!
You feel mighty!
You are now a toy of Xom.
The demonic crawler barely misses you. The demonic crawler hits you.
* * * LOW HITPOINT WARNING * * *
The demonic crawler hits you!
* * * LOW HITPOINT WARNING * * *
The demonic crawler barely misses you.
The demonic crawler hits you but does no damage.
The demonic crawler hits you!
* * * LOW HITPOINT WARNING * * *
The demonic crawler hits you but does no damage.
The demonic crawler hits you.
* * * LOW HITPOINT WARNING * * *
The demonic crawler hits you!
You die...
Xom is highly amused!

##################
.#..'..#__#).'.).#
.').#..'..'..#..s##+#
'#####'#__####..@ss.#
.#...#)####§?#####s.+
##..##§#§≈≈§c ##
_##'#.§§§§§
.÷'..._#§§§.c#
_##_.#'##+####
_###+#.#, ## * ###
,,+


You could see 4 demonic crawlers.

Vanquished Creatures
  2 kobold demonologists (D)
  A slime creature (D)
  Sigmund (D)
  A yak (D)
  A floating eye (D)
  An ogre (D)
  A jelly (D)
  Ijyb (D)
9 creatures vanquished.

Notes
Turn   | Place    | Note
-------+----------+-------------------------------------------
     0 | D        | Deathtrap2010 the Minotaur Chaos Knight began the quest for the Orb.
     0 | D        | Reached XP level 1. HP: 19/19 MP: 0/0
     2 | D        | Noticed Ijyb
     7 | D        | Killed Ijyb
     7 | D        | Reached skill level 5 in Fighting
     7 | D        | Reached skill level 5 in Axes
     7 | D        | Reached XP level 2. HP: 30/30 MP: 1/1
    11 | D        | Noticed an ogre
    15 | D        | Killed an ogre
    15 | D        | Reached XP level 3. HP: 40/40 MP: 2/2
    15 | D        | Reached XP level 4. HP: 48/48 MP: 3/3
    28 | D        | Noticed Sigmund
    40 | D        | Killed Sigmund
    40 | D        | Reached skill level 10 in Fighting
    40 | D        | Reached skill level 10 in Axes
    40 | D        | Reached skill level 5 in Armour
    40 | D        | Reached XP level 5. HP: 55/59 MP: 4/4
    40 | D        | Reached XP level 6. HP: 63/67 MP: 5/5
    56 | D        | Found a deep blue altar of Sif Muna.
    57 | D        | XOM: potion effect (invisibility)
    58 | D        | Found a radiant altar of Vehumet.
    71 | D        | Found Laxzyoth's Antique Armour Emporium.
    71 | D        | Found an ancient bone altar of Kikubaaqudgha.
    71 | D        | Found a hazy altar of Hepliaklqana.
    71 | D        | Found a stormy altar of Qazlal.
    71 | D        | Found a hide-covered altar of Uskayaw.
    71 | D        | Found a blossoming altar of Fedhas.
    71 | D        | Found a bloodstained altar of Trog.
    71 | D        | Found an iron altar of Okawaru.
    71 | D        | Found a basalt altar of Yredelemnul.
    71 | D        | Found a glowing golden altar of the Shining One.
    71 | D        | Found a snail-covered altar of Cheibriados.
    71 | D        | Found a sacrificial altar of Ru.
    71 | D        | Found a glowing silver altar of Zin.
    71 | D        | Found a shadowy altar of Dithmenos.
    71 | D        | Found a white marble altar of Elyvilon.
    71 | D        | Noticed a yak
    72 | D        | Found an opulent altar of Gozag.
    76 | D        | Found a sparkling altar of Nemelex Xobeh.
    86 | D        | Killed a yak
    86 | D        | Reached skill level 1 in Stealth
   186 | D        | XOM: divination: magic mapping
   191 | D        | XOM: harmless Erth miscast
   252 | D        | Found a burning altar of Makhleb.
   252 | D        | Found a viscous altar of Jiyva.
   252 | D        | Found a shimmering altar of Xom.
   252 | D        | Found a corrupted altar of Lugonu.
   252 | D        | Noticed a slime creature
   259 | D        | Killed a slime creature
   259 | D        | Reached XP level 7. HP: 37/77 MP: 6/6
   339 | D        | Bought a ring mail for 104 gold pieces
   366 | D        | Noticed a centaur warrior
   368 | D        | Noticed a centaur warrior
   380 | D        | Noticed a kobold demonologist
   381 | D        | Noticed a kobold demonologist
   384 | D        | Noticed a ynoxinul
   386 | D        | Noticed a ynoxinul
   390 | D        | XOM: potion effect (brilliance)
   391 | D        | XOM: potion effect (invisibility)
   393 | D        | Killed a kobold demonologist
   396 | D        | Noticed a chaos spawn
   400 | D        | Noticed a sun demon
   400 | D        | XOM: smoke on damage
   401 | D        | Killed a kobold demonologist
   401 | D        | Reached skill level 5 in Dodging
   401 | D        | Reached XP level 8. HP: 11/86 MP: 7/7
   463 | D        | Gained mutation: You are partially covered in iridescent scales. (AC +2) [potion of beneficial mutation]
   466 | D        | Noticed a demonic crawler
   466 | D        | Noticed a demonic crawler
   466 | D        | Noticed a demonic crawler
   466 | D        | Noticed a demonic crawler
   472 | D        | HP: 5/129 [demonic crawler (6)]
   472 | D        | Slain by a demonic crawler

Vault maps used:
D:        dungeon_sprint_1

Skill      XL: |  1  2  3  4  5  6  7 |
---------------+----------------------+-----
Fighting       | 5 8 10 12 13 | 13.4
Axes           | 5 8 10 12 13 | 13.9
Armour         | 3 4 5 6 7 |  7.1
Dodging        | 2 3 5 |  5.0
Stealth        | 1 3 |  3.2

Action                   |  1- 3 |  4- 6 |  7- 9 || total
-------------------------+-------+-------+-------++-------
Melee: Hand axe          |     7 |    31 |    22 ||    60
       Headbutt          |       |     8 |     4 ||    12
  Use: Potion            |       |       |     3 ||     3
 Stab: Invisible         |       |     2 |     2 ||     4
       Sleeping          |       |     1 |       ||     1
Armor: Leather armour    |     1 |     4 |       ||     5
       Ring mail         |       |       |    11 ||    11
Dodge: Dodged            |     6 |    12 |    19 ||    37
